 Dungeon Crawl Stone Soup version 0.30-a0-394-g3e4acdb0ae (webtiles) character file.

Game seed: 1008141667975284919

1 zishaf the Magician (level 1, 12/15 HPs)
             Began as a Djinni Venom Mage on Dec 6, 2022.
             Quit the game on level 1 of the Dungeon.
             The game lasted 00:00:17 (146 turns).

zishaf the Magician (Djinni Venom Mage)              Turns: 146, Time: 00:00:18

Health: 12/15      AC:  2    Str:  7    XL:     1   Next: 22%
Gold:   6          EV: 12    Int: 16    God:
                   SH:  0    Dex: 13

rFire   + + .      SeeInvis .    (no weapon)
rCold   x . .      Faith    .    (no shield)
rNeg    . . .      Spirit   .    a - +0 robe
rPois   ∞          Reflect  .    (no helmet)
rElec   .          Harm     .    (no cloak)
rCorr   .          Rampage  .    (no gloves)
Will    .....                    (boots unavailable)
Stlth   ++........               (no amulet)
HPRegen 0.22/turn                (no ring)
MPRegen 0.00/turn                (no ring)

@: flying
A: sickness immunity, fire resistance 2, cold vulnerability 1, float, innate
caster, HP casting, extra vitality 1
a: no special abilities


You were on level 1 of the Dungeon.
You visited 1 branch of the dungeon, and saw 1 of its levels.

You collected 6 gold pieces.

Inventory:

Armour
 a - a +0 robe (worn)


   Skills:
 + Level 0.2 Fighting
 - Level 2.1 Dodging
 - Level 1.5 Stealth
 + Level 2.4 Spellcasting


You couldn't memorise any spells.
You knew the following spells:

 Your Spells              Type           Power      Damage    Failure   Level
a - Sting                 Tmut/Pois      36%        1d4       8%          1
b - Poisonous Vapours     Pois/Air       18%        N/A       11%         2
c - Mephitic Cloud        Conj/Pois/Air  9%         N/A       22%         3
d - Olgreb's Toxic Radia  Pois           9%         N/A       58%         4
Your spell library was empty.

Dungeon Overview and Level Annotations

Branches:
Dungeon (1/15)

Altars:


Innate Abilities, Weirdness & Mutations

You are immune to sickness and miasma.
You are immune to poison.
Your flesh is very heat resistant. (rF++)
You are vulnerable to cold. (rC-)
You float through the air rather than walking.
You learn spells naturally, not from books.
Your magical power is your life essence.
You have superior vitality. (+4 MHP)


Message History

The bat hits you but does no damage. The bat barely misses you.
The bat barely misses you. The bat hits you but does no damage.
The bat barely misses you. The bat completely misses you.
The bat closely misses you. The bat closely misses you.
The bat hits you but does no damage. The bat barely misses you.
The bat hits you. The bat closely misses you. The bat hits you.
The bat closely misses you. The bat hits you but does no damage.
The bat closely misses you. The bat misses you. The bat closely misses you.
The bat hits you but does no damage. The bat misses you.
The bat completely misses you. The bat hits you but does no damage.
The bat barely misses you. The bat barely misses you.
The bat closely misses you. The bat hits you but does no damage.
The bat hits you. The bat hits you but does no damage. The bat hits you.
The bat hits you. The bat barely misses you. The bat hits you.
The bat hits you. The bat barely misses you.
The bat hits you but does no damage. The bat closely misses you.
The bat barely misses you. The bat closely misses you. The bat hits you.
The bat barely misses you. The bat hits you but does no damage.
The bat hits you. The bat hits you but does no damage.
Are you sure you want to abandon this character and quit the game? (Confirm with "yes".)

... ...#
##?.###.$.#
.#.........#
..#........#
.........#
..##......#
#.......b..##
##. #.@#..#
..#####.....#
#...#####..#
#.....###..#
##........###
#.........#
##....♣....#
#....<....##
#.........#


You could see a bat.

Vanquished Creatures
  A goblin (D:1)
1 creature vanquished.

Notes
Turn   | Place    | Note
-------+----------+-------------------------------------------
     0 | D:1      | zishaf the Djinni Venom Mage began the quest for the Orb.
     0 | D:1      | zishaf set off with the following spells memorised: Sting,
                  | Poisonous Vapours, Mephitic Cloud, Olgreb's Toxic Radiance.
     0 | D:1      | Reached XP level 1. HP: 15/15 MP: 0/0
   146 | D:1      | Quit the game

Illustrated notes

Levels and vault maps discovered:
D:1:      spicycebolla_green_bress_n_ham, layout_loops_cross, serial_shops,
          nicolae_shop_overgrown_old_shop, st_stairs_5, minmay_quantized

Action                   || total
-------------------------++-------
 Cast: Sting             ||     7
Armor: Robe              ||    40
Dodge: Dodged            ||    74

Table legend: (Time is in decaauts)
 A = Elapsed time spent in this place.
 B = Non-inter-level travel time spent in this place.
 C = Inter-level travel time spent in this place.
 D = Time resting spent in this place.
 E = Time spent auto-exploring this place.
 F = Levels seen in this place.
 G = Mean time per level.
                   A        B        C        D        E       F      G
               +--------+--------+--------+--------+--------+-----+--------+
         Total |    146 |    146 |      0 |      0 |      8 |   1 |  146.0 |
       Dungeon |    146 |    146 |      0 |      0 |      8 |   1 |  146.0 |
               +--------+--------+--------+--------+--------+-----+--------+

Top non-repeatable levels by time:
     D:1: 146 daAuts
